 Dungeon Crawl Stone Soup version 0.17.2 (webtiles) character file.

9 ololoev the Skirmisher (level 2, 18/24 HPs)
             Began as a Demonspawn Fighter on June 9, 2016.
             Was a Follower of Kikubaaqudgha.
             Quit the game on level 3 of the Dungeon.
             The game lasted 00:00:50 (111 turns).

ololoev the Skirmisher (Demonspawn Fighter)          Turns: 111, Time: 00:00:50

Health: 18/24      AC:  6    Str: 16    XL:     2   Next: 6%
Magic:  2/2        EV:  9    Int:  9    God:    Kikubaaqudgha [*.....]
Gold:   3          SH:  0    Dex: 12    Spells: 0 memorised, 1 level left

rFire  . . .     SeeInvis .     a - +0 war axe
rCold  . . .     Clarity  .     b - +0 scale mail
rNeg   . . .     SustAt   .     (no shield)
rPois  .         Gourm    .     (no helmet)
rElec  .         Spirit   .     (no cloak)
rCorr  .         Warding  .     (no gloves)
rMut   .         Stasis   .     (no boots)
MR     .....                    (no amulet)
Stlth  ..........               (no ring)
                                (no ring)

@: not resistant to hostile enchantments, extremely unstealthy
A: claws 1
a: Receive Corpses, Renounce Religion


Innate Abilities, Weirdness & Mutations

You have sharp fingernails.

Inventory:

Hand Weapons
 a - a +0 war axe (weapon)
Armour
 b - a +0 scale mail (worn)
Scrolls
 g - 2 scrolls of teleportation {unknown}
 h - a scroll of recharging {unknown}
Potions
 d - a potion of might
 f - a potion of agility {unknown}
Comestibles
 e - a bread ration


   Skills:
 - Level 3.0 Fighting
 * Level 2.2 Axes
 + Level 2.9 Armour
   Level 2.6 Shields


You had one spell level left.
You didn't know any spells.


You were on level 3 of the Dungeon.
You worshipped Kikubaaqudgha.
Kikubaaqudgha was aware of your devotion.
You were not hungry.

You visited 1 branch of the dungeon, and saw 3 of its levels.

You collected 3 gold pieces.

##.#.....
#..#...#$.
##........^
###..........
##..†......###
####..........#
.........8)...#
...###..8.8...#
.. #.8.@.8..#
#...8b8...#
........8....#
..##........##
.. #..........
. ############

Notes
Turn   | Place    | Note
--------------------------------------------------------------
     0 | D:1      | ololoev the Demonspawn Fighter began the quest for the Orb.
     0 | D:1      | Reached XP level 1. HP: 18/18 MP: 1/1
    95 | D:3      | Found a faded altar to an unknown god.
    98 | D:3      | Gained mutation: You have sharp fingernails. [demonic ancestry]
    98 | D:3      | Reached XP level 2. HP: 20/24 MP: 2/2
   111 | D:3      | Became a worshipper of Kikubaaqudgha
   111 | D:3      | Reached * piety under Kikubaaqudgha
   111 | D:3      | Received a gift from Kikubaaqudgha
   111 | D:3      | Quit the game

Dungeon Overview and Level Annotations

Branches:
Dungeon (3/15)

Altars:
Kikubaaqudgha


Message History

Found a ring mail.
A bat comes into view.
The bat moves out of view.
Found a short sword.
The bat closely misses you.
A rat and a hobgoblin come into view.
The hobgoblin shouts!
The bat hits you.
Found a faded altar to an unknown god.
The bat closely misses you. x2
Found 4 gold pieces.
The bat closely misses you.
You hit the hobgoblin.
You kill the hobgoblin!
You have reached level 2!
Your demonic ancestry asserts itself...
Your fingernails lengthen.
The bat hits you.
You closely miss the bat. The bat barely misses you.
You slash the rat!
You kill the rat!
The bat hits you but does no damage. The bat hits you but does no damage.
You hit the bat but do no damage. The bat hits you but does no damage.
The bat hits you but does no damage.
You closely miss the bat. The bat hits you but does no damage.
The bat hits you.
You barely miss the bat. The bat closely misses you.
You hit the bat but do no damage. The bat hits you.
The bat hits you but does no damage. The bat hits you but does no damage.
The bat closely misses you.
There is a faded altar to an unknown god here.
This altar will convert you to a god.
You cannot discern which.
Do you pray? Kikubaaqudgha accepts your prayer! Kikubaaqudgha welcomes you!
You can now receive cadavers from Kikubaaqudgha.
Kikubaaqudgha grants you a gift!
Unknown command.
Are you sure you want to abandon this character and quit the game? (Confirm with "yes".)

You could see a bat.

Vanquished Creatures
  An ooze (D:1)
  A hobgoblin (D:3)
  2 bats (D:1)
  A giant newt (D:2)
  2 rats
7 creatures vanquished.

Action                   || total
-------------------------++-------
Melee: War axe           ||    20

Vault maps used:
D:1:      tarquinn_simple_flora_water_b, st_stairs_14, minmay_misc_feat_square
D:2:      old_standard_altar, minitemple
D:3:      evilmike_ruin_ashenzari, ecumenical_altar_2, serial_forest,
          infiniplex_forest_corner_2, infiniplex_forest_lined_room_3,
          infiniplex_forest_lined_room_, infiniplex_forest_split,
          xom_teletrap_fun
